 Dungeon Crawl Stone Soup version 0.29-a0-866-g0545e20025 (webtiles) character file.

Game seed: 8472149574890469918

31488 Malachi the Ghoulish Disaster (level 13, 0/118 HPs)
             Began as a Ghoul Monk on July 17, 2022.
             Was a Believer of Qazlal.
             Slain by a +5 long sword (15 damage)
             ... on level 14 of the Dungeon.
             The game lasted 00:38:54 (22905 turns).

Malachi the Ghoulish Disaster (Ghoul Monk)         Turns: 22905, Time: 00:38:55

Health: 0/118      AC: 14    Str: 34    XL:     13   Next: 58%
Magic:  23/23      EV: 10    Int:  8    God:    Qazlal [**....]
Gold:   175        SH:  7    Dex: 11    Spells: 12/12 levels left

rFire   . . .      SeeInvis +   p - +6 war axe
rCold   + + .      Faith    .   z - +1 buckler {AC+3}
rNeg    + + +      Spirit   .   k - +1 scale mail "Irivaxa" {Str+5}
rPois   ∞          Reflect  .   l - +0 helmet {Int+3}
rElec   .          Harm     .   (no cloak)
rCorr   .          Rampage  .   m - +1 pair of gloves
Will    +....                   t - +0 pair of boots
Stlth   ..........              H - amulet of the acrobat
HPRegen 0.00/turn               n - ring of Laon {rC+ Will+ Str+3 SInv}
MPRegen 0.18/turn               C - +6 ring of strength

@: inhibited regen
A: claws 1, cold resistance 1, negative energy resistance 3, inhibited
regeneration, torment resistance 2, devour on kill
a: Renounce Religion, Upheaval


You were on level 14 of the Dungeon.
You worshipped Qazlal.
Qazlal was pleased with you.
You visited 2 branches of the dungeon, and saw 15 of its levels.
You also visited: Bailey and Ice Cave.

You collected 1151 gold pieces.
You spent 976 gold pieces at shops.

Inventory:

Hand Weapons
 p - a +6 war axe (weapon)
Missiles
 x - 11 throwing nets (quivered)
Armour
 k - the +1 scale mail "Irivaxa" (worn) {Str+5}
   (You bought it in a shop on level 5 of the Dungeon)

   Str:       It affects your strength (+5).
 l - a +0 helmet of intelligence (worn)
 m - a +1 pair of gloves (worn)
 t - a +0 pair of boots (worn)
 u - a +3 ring mail of fire resistance
 z - a +1 buckler of protection (worn)
Jewellery
 a - an amulet of magic regeneration
 g - a ring of fire
 i - a ring of see invisible
 n - the ring of Laon (left hand) {rC+ Will+ Str+3 SInv}
   (You found it on level 3 of the Dungeon)

   [ring of see invisible]

   Str:       It affects your strength (+3).
   rC:        It protects you from cold.
   SInv:      It lets you see invisible.
   Will:      It increases your willpower.
 B - a ring of fire
 C - a +6 ring of strength (right hand)
 G - a ring of protection from cold
 H - an amulet of the acrobat (around neck)
Wands
 d - a wand of mindburst (3)
 f - a wand of charming (11)
 v - a wand of flame (42)
Scrolls
 b - 2 scrolls of poison
 h - 3 scrolls of fog
 j - 4 scrolls of immolation
 o - 4 scrolls of vulnerability
 q - 4 scrolls of amnesia
 r - 7 scrolls of teleportation
 y - a scroll of magic mapping
 A - a scroll of torment
 F - a scroll of fear
 M - a scroll of identify
Potions
 c - 2 potions of ambrosia
 e - 5 potions of curing
 s - a potion of cancellation
 w - a potion of invisibility
 E - a potion of magic
 I - a potion of brilliance
 J - a potion of might
 K - 3 potions of heal wounds
 L - a potion of flight
 N - a potion of resistance
Miscellaneous
 D - a phantom mirror


   Skills:
 * Level 12.0 Fighting
 - Level 14.0 Axes
 - Level 2.6 Dodging
 - Level 2.1 Stealth
 - Level 15.0 Invocations


You had 12 spell levels left.
You didn't know any spells.
Your spell library contained the following spells:

 Spells                   Type           Power      Damage    Failure   Level
 Apportation              Tloc           0%         N/A       77%         1
 Magic Dart               Conj           0%         1d3       77%         1
 Necrotise                Necr           0%         1d4       77%         1
 Slow                     Hex            0%         N/A       77%         1
 Summon Small Mammal      Summ           0%         N/A       77%         1
 Call Imp                 Summ           0%         N/A       88%         2
 Confusing Touch          Hex            0%         N/A       98%         3
 Ignite Poison            Fire/Tmut/Pois 0%         N/A       98%         3
 Mephitic Cloud           Conj/Pois/Air  0%         N/A       98%         3
 Tukima's Dance           Hex            0%         N/A       98%         3
 Vampiric Draining        Necr           0%         2d6       98%         3
 Fulminant Prism          Conj/Hex       0%         3d6       100%        4
 Iskenderun's Mystic Bla  Conj/Tloc      0%         2d3       100%        4
 Passage of Golubria      Tloc           0%         N/A       100%        4
 Fireball                 Conj/Fire      0%         3d3       100%        5
 Freezing Cloud           Conj/Ice/Air   0%         6-21      100%        5
 Iskenderun's Battlesphe  Conj           0%         2d6       100%        5
 Lee's Rapid Deconstruct  Erth           0%         3d5*      100%        5
 Yara's Violent Unravell  Hex/Tmut       0%         3d3       100%        5
 Conjure Ball Lightning   Conj/Air       0%         3x3d6     100%        6
 Simulacrum               Ice/Necr       0%         N/A       100%        6
 Orb of Destruction       Conj           0%         9d5       100%        7
 Polar Vortex             Ice            0%         N/A       100%        9


Dungeon Overview and Level Annotations

Branches:
Dungeon (14/15)            Temple (1/1) D:5            Lair (0/6) D:9
    Orc (0/2) D:9          Vaults (0/5) D:14         Bailey (visited)
  IceCv (visited)

Altars:
Ashenzari
Cheibriados
Dithmenos
Fedhas
Gozag
Hepliaklqana
Kikubaaqudgha
Makhleb
Nemelex Xobeh
Okawaru
Qazlal
Ru
Sif Muna
Trog
Uskayaw
Vehumet
Wu Jian
Xom
Yredelemnul

Shops:
D:4 !   D:5 [   D:10 *   D:11 [(   D:13 !

Annotations:
D:14 exclusion: obsidian statue


Innate Abilities, Weirdness & Mutations

You are immune to poison.
You have sharp fingernails.
Your flesh is cold resistant. (rC+)
You are immune to negative energy. (rN+++)
You do not regenerate when monsters are visible.
You are immune to unholy pain and torment.
You thrive by killing the living.


Message History

Your Fighting skill increases to level 12!
No target in view!
No target in view!
HP restored.
Found 3 scrolls of teleportation and a mace.
Found a gate to the Vaults.
You see here a +6 long sword.
A +5 long sword comes into view.
A +5 long sword is nearby!
The +5 long sword hits you!
You closely miss the +5 long sword. The +5 long sword hits you!
You closely miss the +5 long sword. The +5 long sword hits you!!
You closely miss the +5 long sword. The +5 long sword barely misses you.
You block the +5 long sword's attack.
You completely miss the +5 long sword. You block the +5 long sword's attack.
You miss the +5 long sword. You block the +5 long sword's attack.
You hit the +5 long sword.
The +5 long sword is lightly damaged.
The +5 long sword hits you!
The +5 long sword completely misses you.
You slash the +5 long sword!
The +5 long sword is severely damaged.
The +5 long sword barely misses you.
You hit the +5 long sword.
The +5 long sword is severely damaged.
The +5 long sword hits you! You block the +5 long sword's attack.
You barely miss the +5 long sword.
The +5 long sword is severely damaged.
The +5 long sword hits you!!
* * * LOW HITPOINT WARNING * * *
You miss the +5 long sword.
The +5 long sword is severely damaged.
The +5 long sword hits you.
* * * LOW HITPOINT WARNING * * *
You hit the +5 long sword but do no damage.
The +5 long sword is heavily damaged.
The +5 long sword hits you!
* * * LOW HITPOINT WARNING * * *
The +5 long sword hits you!
You die...

# #.# #.# #8...8
#.###.####.#
..!..
#.......>..#
.$8?.
#.........## ..
..
.###.###)###.# 8
..
..........##.#
8.8
...........#.#
.............#
......(@§.##.#
....#.#.○......
..^##.##..##..#.
.) #∩ ?..# .#
#... .. ....# .
...## ..#


You could see a +5 long sword.

Vanquished Creatures
  A reaper (IceCv)
  Josephine (D:14)
  2 hydras
  3 boulder beetles
  3 centaur warriors
  A dancing weapon (D:14)
  2 two-headed ogres
  A tengu warrior (D:13)
  The ghost of zebulonius the Cleaver, a novice MiMo of Okawaru (D:7)
  A deep elf pyromancer (D:13)
  5 ugly things
  The ghost of aves the Basher, a novice DsFi of Makhleb (D:8)
  3 cyclopes
  An ice statue (IceCv)
  3 gargoyles
  An unseen horror (D:12)
  Psyche (D:9)
  A komodo dragon (D:13)
  A freezing wraith (D:14)
  An anaconda simulacrum (IceCv)
  3 ice devils
  An entropy weaver simulacrum (IceCv)
  3 meliai (D:13)
  5 trolls
  A slime creature (D:13)
  Grinder (D:5)
  A vampire (D:8)
  9 wraiths
  Eustachio (D:4)
  8 yaks
  A wyvern (D:8)
  2 death yak simulacra (IceCv)
  2 steam dragons
  11 vampire mosquitoes
  6 acid dragons
  3 water moccasins (D:9)
  6 ice beasts
  A sky beast (D:8)
  3 black bears
  3 orc warriors
  3 wolves (Bailey)
  A centaur (D:7)
  A phantom (D:4)
  5 bullfrogs
  3 kobold brigands
  4 cane toad simulacra (IceCv)
  8 gnoll sergeants (Bailey)
  3 scorpions
  9 two-headed ogre simulacra (IceCv)
  A necrophage (D:5)
  15 wights
  8 killer bees
  4 howler monkeys
  6 hounds
  2 wyvern simulacra (D:7)
  2 jellies (D:7)
  3 orc priests
  8 gnoll boudas
  3 iguanas
  9 orc wizards
  3 polar bear simulacra (IceCv)
  6 spriggan simulacra (IceCv)
  Natasha (thrice) (D:3)
  2 troll simulacra (IceCv)
  2 wolf simulacra (IceCv)
  32 gnolls
  8 adders
  5 naga simulacra (IceCv)
  10 white imps
  9 ufetubi
  A worm (D:2)
  3 dart slugs
  20 orcs
  8 ball pythons
  6 endoplasms
  A giant cockroach (D:4)
  7 goblins
  7 hobgoblins
  12 jackals
  30 kobolds
  A quokka (D:1)
  7 bats
  4 frilled lizards
  5 rats
395 creatures vanquished.

Vanquished Creatures (collateral kills)
  A troll (D:10)
  2 yaks
  A black bear (D:9)
4 creatures vanquished.

Vanquished Creatures (others)
  A sky beast (D:7)
  A killer bee (D:9)
  23 fungi
  15 plants
40 creatures vanquished.

Grand Total: 439 creatures vanquished

Notes
Turn   | Place    | Note
-------+----------+-------------------------------------------
     0 | D:1      | Malachi the Ghoul Monk began the quest for the Orb.
     0 | D:1      | Reached XP level 1. HP: 19/19 MP: 0/0
   299 | D:1      | Reached XP level 2. HP: 16/26 MP: 1/1
   656 | D:1      | Found a faded altar of an unknown god.
   793 | D:1      | Reached XP level 3. HP: 31/31 MP: 2/2
  1938 | D:2      | Reached XP level 4. HP: 38/38 MP: 3/3
  2491 | D:3      | Noticed Natasha
  2502 | D:3      | Killed Natasha
  2694 | D:3      | Noticed Natasha
  2702 | D:3      | Killed Natasha
  2703 | D:3      | Reached skill level 5 in Axes
  2703 | D:3      | Reached XP level 5. HP: 45/45 MP: 4/4
  2762 | D:3      | You fall into a shaft and drop 1 floor!
  2781 | D:4      | Found a snail-covered altar of Cheibriados.
  2883 | D:3      | Found a blossoming altar of Fedhas.
  2987 | D:3      | Identified the ring of Laon {rC+ Will+ Str+3 SInv}
  3145 | D:3      | Noticed Natasha
  3163 | D:3      | Killed Natasha
  3757 | D:4      | Noticed Eustachio
  4220 | D:4      | Found Dadofisa's Distillery.
  4228 | D:4      | Bought a potion of haste for 130 gold pieces
  4388 | D:4      | Reached XP level 6. HP: 37/51 MP: 5/5
  4894 | D:4      | Found an ornate altar of the Wu Jian Council.
  5023 | D:5      | Entered Level 5 of the Dungeon
  5355 | D:5      | Found a staircase to the Ecumenical Temple.
  5383 | D:5      | Reached XP level 7. HP: 40/57 MP: 6/6
  5397 | Temple   | Entered the Ecumenical Temple
  5545 | Temple   | Became a worshipper of Qazlal Stormbringer
  5545 | Temple   | Reached * piety under Qazlal
  5545 | Temple   | Reached ** piety under Qazlal
  5614 | D:5      | Found Regozis's Antique Armour Shop.
  5909 | D:5      | Noticed Grinder
  5932 | D:5      | Killed Grinder
  6157 | D:5      | Reached XP level 8. HP: 63/63 MP: 7/7
  7042 | D:5      | Reached skill level 10 in Axes
  7514 | D:6      | Found an ancient bone altar of Kikubaaqudgha.
  7553 | D:6      | Reached XP level 9. HP: 70/70 MP: 8/8
  8163 | D:7      | Reached *** piety under Qazlal
  8257 | D:7      | Identified the +11 dagger of Byqol {vorpal, rN+ Will-
                  | Dex+5}
  8282 | D:7      | Found a shadowy altar of Dithmenos.
  8513 | D:7      | Found a runed translucent gate.
  8514 | D:7      | Found a runed translucent gate.
  8515 | D:7      | Found a runed translucent gate.
  8536 | D:7      | Noticed zebulonius's ghost (novice MiMo)
  8629 | D:7      | Killed zebulonius's ghost
  8908 | D:7      | Reached XP level 10. HP: 61/77 MP: 9/9
  9379 | D:4      | Killed Eustachio
  9937 | D:5      | Bought a fine hat for 270 gold pieces
  9937 | D:5      | Identified the +0 hat of Vieptitz {Rampage rPois Regen+
                  | Slay-4} (You bought it in a shop on level 5 of the Dungeon)
 10145 | D:8      | Found a radiant altar of Vehumet.
 10188 | D:8      | Reached **** piety under Qazlal
 10393 | D:8      | Found a runed translucent gate.
 10393 | D:8      | Found a runed translucent gate.
 10393 | D:8      | Found a runed translucent gate.
 10395 | D:8      | Found an opulent altar of Gozag.
 10397 | D:8      | Noticed a boulder beetle
 10397 | D:8      | Noticed aves's ghost (novice DsFi)
 10922 | D:8      | Killed aves's ghost
 10923 | D:8      | Reached skill level 2 in Invocations
 10962 | D:9      | Noticed Psyche
 10963 | D:9      | HP: 3/77 [disintegration (11)]
 10972 | D:9      | Reached skill level 3 in Invocations
 10991 | D:10     | Entered Level 10 of the Dungeon
 10993 | D:10     | Found Emeorat's Elemental Accessories.
 11005 | D:10     | Reached skill level 4 in Invocations
 11012 | D:10     | Reached skill level 5 in Invocations
 11017 | D:10     | Reached skill level 6 in Invocations
 11335 | D:10     | Bought a scroll of teleportation for 45 gold pieces
 11374 | D:9      | Reached XP level 11. HP: 76/82 MP: 14/14
 11381 | D:9      | Reached skill level 7 in Invocations
 11383 | D:9      | Killed Psyche
 11428 | D:9      | Reached skill level 8 in Invocations
 11469 | D:9      | Found a staircase to the Orcish Mines.
 11549 | D:9      | Reached skill level 9 in Invocations
 11648 | D:9      | Found a staircase to the Lair.
 11753 | D:9      | Found a flagged portal.
 11763 | Bailey   | Entered a bailey
 12407 | Bailey   | Reached skill level 10 in Invocations
 14144 | D:8      | Killed a boulder beetle
 14468 | D:5      | Bought an ichor-stained scale mail for 270 gold pieces
 14468 | D:5      | Identified the +1 scale mail "Irivaxa" {Str+5} (You bought
                  | it in a shop on level 5 of the Dungeon)
 14803 | D:10     | Noticed a two-headed ogre
 14810 | D:10     | Killed a two-headed ogre
 14811 | D:10     | Reached skill level 11 in Invocations
 15420 | D:11     | Found Jampaef's Weapon Boutique.
 15536 | D:11     | Found a frozen archway.
 15654 | IceCv    | Entered an ice cave
 15768 | IceCv    | Reached skill level 12 in Invocations
 16485 | IceCv    | Reached XP level 12. HP: 78/89 MP: 20/20
 16548 | IceCv    | Reached ***** piety under Qazlal
 17066 | IceCv    | Reached skill level 13 in Invocations
 17137 | IceCv    | Noticed a reaper
 17790 | IceCv    | Killed a reaper
 18273 | D:11     | Noticed an eight-headed hydra
 18280 | D:11     | Killed an eight-headed hydra
 18281 | D:11     | Reached skill level 14 in Invocations
 18323 | D:11     | Found an ornate altar of the Wu Jian Council.
 18337 | D:11     | Found Pemueqom's Antique Armour Shoppe.
 18606 | D:11     | Bought a heavily runed scale mail for 261 gold pieces
 18606 | D:11     | Identified the +1 scale mail "Zeuph" {Harm *Corrode Will+++
                  | Int+4} (You bought it in a shop on level 11 of the Dungeon)
 19557 | D:12     | Reached skill level 15 in Invocations
 19882 | D:12     | Noticed a five-headed hydra
 19886 | D:12     | Killed a five-headed hydra
 19967 | D:12     | Reached skill level 5 in Fighting
 20352 | D:13     | Noticed a tengu warrior
 20352 | D:13     | Noticed a centaur warrior
 20359 | D:13     | Killed a tengu warrior
 20360 | D:13     | Reached XP level 13. HP: 96/107 MP: 13/23
 20516 | D:13     | Found Gameizeh's Distillery.
 21012 | D:13     | Reached skill level 10 in Fighting
 22211 | D:14     | Noticed Josephine
 22214 | D:14     | Killed Josephine
 22890 | D:14     | Found a gate to the Vaults.
 22905 | D:14     | Slain by a +5 long sword

Illustrated notes

Levels and vault maps discovered:
D:1:      doesnt_arrival_eight_statues, layout_loops_ring,
          dreamdust_ecumenical_altar_grove, hangedman_glass_teeth, st_stairs_14
D:2:      layout_basic
D:3:      layout_loops_cross, mainiacjoe_overflow_24_doors,
          grunt_decor_resistance, uniq_natasha
D:4:      layout_layer_cave, gammafunk_temple_overflow_forgotten, serial_shops,
          shop, uniq_eustachio
D:5:      layout_basic, minmay_temple_entry_glassed_door, serial_shops,
          shop_fountains, nicolae_sextant, grunt_ministairs_1,
          minmay_tree_intersection, eino_tiny_chamber, uniq_grinder
D:6:      layout_basic, amcnicky_altar_gilded
D:7:      layout_rooms, old_standard_altar, gammafunk_ghost_icy
D:8:      layout_basic, nicolae_vehumet_altar_sigil, ebering_ghost_gozag
D:9:      layout_layer_cave, due_lair_maze_entry_diamond, enter_bailey_2,
          uniq_psyche
D:10:     layout_long_grid, serial_park_tiny_2, nicolae_elemental_shop
D:11:     layout_cave_pools, portal_ice_cave_demonic_guard, serial_shops,
          nicolae_stop_n_shop_2, nicolae_shop_temple_entry_statues_fountains,
          minmay_door_square, nzn_wu_jian_contemplation
D:12:     layout_irregular_city
D:13:     layout_irregular_city, serial_shops, nicolae_stop_n_shop_1,
          minmay_starry_boxes
D:14:     layout_loops_ring, erik_vaults_1, minmay_statue_bubble, uniq_josephine
Temple:   hellmonk_temple_of_storms

Skill      XL: |  1  2  3  4  5  6  7  8  9 10 11 12 13 |
---------------+----------------------------------------+-----
Axes           | 3 4 5 7 8 10 12 14 | 14.0
Invocations    | 6 12 15 | 15.0
Fighting       | 7 12 | 12.0
Dodging        | |  2.6
Stealth        | |  2.1

Action                   |  1- 3 |  4- 6 |  7- 9 | 10-12 | 13-15 || total
-------------------------+-------+-------+-------+-------+-------++-------
Melee: Hand axe          |   142 |   246 |   280 |       |       ||   668
       Punch             |       |     4 |     6 |     4 |       ||    14
       War axe           |       |       |    83 |   689 |   139 ||   911
Throw: Throwing net      |       |       |       |     1 |       ||     1
Invok: Elemental Force   |       |       |       |     3 |       ||     3
       Upheaval          |       |       |       |    24 |     3 ||    27
Evoke: Wand              |       |       |    12 |    22 |       ||    34
       Phantom mirror    |       |       |       |     1 |       ||     1
  Use: Potion            |       |     4 |     3 |     5 |       ||    12
       Scroll            |       |     9 |     6 |    20 |     1 ||    36
 Stab: Sleeping          |     2 |       |       |       |       ||     2
       Distracted        |       |       |       |     1 |     1 ||     2
       Held in net/web   |       |       |       |     1 |       ||     1
Armor: Robe              |    21 |       |       |       |       ||    21
       Chain mail        |    28 |    23 |       |       |       ||    51
       Ring mail         |       |    76 |   108 |   129 |       ||   313
       Scale mail        |       |       |       |    82 |    40 ||   122
Dodge: Dodged            |    76 |   137 |   150 |   272 |    44 ||   679
       Repelled          |       |       |       |     4 |       ||     4
Block: Other             |       |       |    35 |    61 |       ||    96
       Buckler           |       |       |       |   114 |    33 ||   147

Table legend: (Time is in decaauts)
 A = Elapsed time spent in this place.
 B = Non-inter-level travel time spent in this place.
 C = Inter-level travel time spent in this place.
 D = Time resting spent in this place.
 E = Time spent auto-exploring this place.
 F = Levels seen in this place.
 G = Mean time per level.
                   A        B        C        D        E       F      G
               +--------+--------+--------+--------+--------+-----+--------+
         Total |  22759 |  21528 |   1231 |   5407 |  11738 |  17 | 1338.8 |
       Dungeon |  19078 |  17847 |   1231 |   3619 |  10814 |  14 | 1362.7 |
        Temple |    155 |    155 |      0 |      0 |    123 |   1 |  155.0 |
        Bailey |    951 |    951 |      0 |    448 |     31 |   1 |  951.0 |
      Ice Cave |   2573 |   2573 |      0 |   1340 |    770 |   1 | 2573.0 |
               +--------+--------+--------+--------+--------+-----+--------+

Top non-repeatable levels by time:
   IceCv: 2573 daAuts
     D:5: 2007 daAuts
     D:4: 1996 daAuts
     D:8: 1651 daAuts
     D:1: 1646 daAuts
     D:9: 1507 daAuts
    D:13: 1387 daAuts
     D:7: 1300 daAuts
    D:14: 1263 daAuts
    D:10: 1130 daAuts
     D:6: 1126 daAuts
    D:12: 1105 daAuts
    D:11: 1039 daAuts
     D:3: 986 daAuts
  Bailey: 951 daAuts
